 Dungeon Crawl Stone Soup version 0.26.1-2-gb8aa6d0cf2 (webtiles) character file.

Game seed: 792183571593519807

204 skwiii the Chopper (level 5, 0/42 HPs)
             Began as a Demonspawn Berserker on Feb 23, 2021.
             Was a Believer of Trog.
             Slain by Sigmund
             ... wielding a +1 scythe of venom
              (11 damage)
             ... on level 2 of the Dungeon.
             The game lasted 00:05:22 (3069 turns).

skwiii the Chopper (Demonspawn Berserker)           Turns: 3069, Time: 00:05:22

Health: 0/42       AC: 11    Str: 18    XL:     5   Next: 52%
Magic:  5/5        EV:  7    Int:  8    God:    Trog [**....]
Gold:   74         SH:  0    Dex: 13    Spells: 4/4 levels left

rFire    . . .     SeeInvis .   a - +0 hand axe
rCold    . . .     Faith    .   (no shield)
rNeg     . . .     Spirit   .   f - +1 chain mail {Will+}
rPois    .         Reflect  .   (no helmet)
rElec    .         Harm     .   (no cloak)
rCorr    .         Rampage  .   (no gloves)
Will     +....                  (no boots)
Stlth    ..........             (no amulet)
HPRegen  0.14/turn              (no ring)
MPRegen  0.09/turn              (no ring)

@: lethally poisoned (0 -> -5)
A: sharp scales 2
a: Renounce Religion, Berserk, Trog's Hand


You were on level 2 of the Dungeon.
You worshipped Trog.
Trog was pleased with you.
You visited 1 branch of the dungeon, and saw 2 of its levels.

You collected 74 gold pieces.

Inventory:

Hand Weapons
 a - a +0 hand axe (weapon)
 j - a +0 hunting sling
Armour
 b - a +0 animal skin
 d - a +0 pair of gloves
 f - a +1 chain mail of willpower (worn)
 o - a +1 cloak of poison resistance
 t - a +0 ring mail
Jewellery
 e - an uncursed ring of poison resistance
 s - an uncursed ring of poison resistance
Scrolls
 h - 3 scrolls of identify
 i - a scroll of remove curse {unknown}
 k - 2 scrolls of teleportation {unknown}
 l - 3 scrolls of enchant armour {unknown}
 m - a scroll of fear {unknown}
 q - a scroll of enchant weapon {unknown}
 r - a scroll of blinking {unknown}
Potions
 c - a potion of heal wounds {unknown}
 g - a potion of brilliance {unknown}
 n - a potion of might {unknown}
 p - a potion of mutation {unknown}
 u - a potion of magic {unknown}


   Skills:
 + Level 4.1 Fighting
 + Level 4.9 Axes
 - Level 1.7 Armour
 - Level 1.7 Dodging
 + Level 1.1 Stealth


You had 4 spell levels left.
You didn't know any spells.
Your spell library was empty.

Dungeon Overview and Level Annotations

Branches:
Dungeon (2/15)

Altars:

Annotations:
D:2 Sigmund


Innate Abilities, Weirdness & Mutations

You are mostly covered in razor-sharp scales. (AC +2, Slay +2)


Message History

No target in view!
No target in view!
No target in view!
You miss something. Something hits you but does no damage.
You are poisoned.
You barely miss something.
You feel sick.
You hear a zap.
A puff of flame appears from out of thin air!
The puff of flame hits you.
You hit something but do no damage.
You feel sick.
You hear a zap.
A puff of flame appears from out of thin air!
The puff of flame hits you!
You feel sick.
You hear a zap.
A puff of flame appears from out of thin air!
The puff of flame hits you.
* * * LOW HITPOINT WARNING * * *
You feel sick. Something hits you!
You die...

### ########.#####
#......@..?..#
#######.###.##...#.#
........###.#..{...#
.####.......##...#.# #
#...###.##....... #
###...# #.###.##.###
### #.....# #.# #.# .#
## ..# #.#..##
#.###'##.# ..
..#.##.#..####........#
#.


There were no monsters in sight!

Vanquished Creatures
  A bullfrog zombie (D:2)
  Natasha (thrice) (D:2)
  4 adders (D:2)
  A worm (D:2)
  3 dart slugs
  2 giant cockroaches (D:2)
  5 goblins
  4 hobgoblins
  12 jackals
  A ball python (D:2)
  3 bats
  2 frilled lizards (D:1)
  8 kobolds
  8 rats
57 creatures vanquished.

Notes
Turn   | Place    | Note
-------+----------+-------------------------------------------
     0 | D:1      | skwiii the Demonspawn Berserker began the quest for the
                  | Orb.
     0 | D:1      | Reached XP level 1. HP: 18/18 MP: 1/1
   465 | D:1      | Gained mutation: You are partially covered in razor-sharp
                  | scales. (AC +1, Slay +1) [demonic ancestry]
   465 | D:1      | Reached XP level 2. HP: 16/24 MP: 2/2
  1055 | D:1      | Reached ** piety under Trog
  1056 | D:1      | Gained mutation: You are mostly covered in razor-sharp
                  | scales. (AC +2, Slay +2) [demonic ancestry]
  1056 | D:1      | Reached XP level 3. HP: 19/29 MP: 3/3
  2075 | D:2      | Noticed Natasha
  2083 | D:2      | Killed Natasha
  2084 | D:2      | Reached XP level 4. HP: 27/37 MP: 4/4
  2197 | D:2      | Noticed Natasha
  2204 | D:2      | Killed Natasha
  2232 | D:2      | Reached skill level 1 in Stealth
  2232 | D:2      | Reached XP level 5. HP: 22/42 MP: 5/5
  2936 | D:2      | Noticed Natasha
  2960 | D:2      | Killed Natasha
  3057 | D:2      | Noticed Sigmund
  3069 | D:2      | Slain by Sigmund

Illustrated notes

Levels and vault maps discovered:
D:1:      dpeg_arrival_court, layout_basic, serial_park_tiny_pond
D:2:      layout_loops_corners, uniq_sigmund, uniq_natasha

Skill      XL: |  1  2  3  4 |
---------------+-------------+-----
Axes           | 3 4 |  4.9
Fighting       | 4 |  4.1
Stealth        | 1 |  1.1
Armour         | |  1.7
Dodging        | |  1.7

Action                   |  1- 3 |  4- 6 || total
-------------------------+-------+-------++-------
Melee: Hand axe          |   116 |    77 ||   193
Invok: Berserk           |     1 |       ||     1
  Use: Scroll            |     1 |       ||     1
Armor: Animal skin       |    20 |       ||    20
       Chain mail        |    21 |    54 ||    75
Dodge: Dodged            |    85 |    27 ||   112
